PBL
NIAGARA FALLS PHANTOMS @ LONDON MAJORS
05/22/2048
 
TOP OF THE 1ST
Niagara Falls Phantoms batting - Pitching for London Majors : RHP Bradley Carriere
Pitching: RHP Bradley Carriere
Batting: RHB Alfredo Mendez 0-0: Ball
1-0: Swinging Strike
1-1: Bunt missed!
1-2: Foul Ball, location: 2F
1-2: Ball
2-2: Foul Ball, location: 2F
2-2: Foul Ball, location: 2F
2-2: Fly out, F8 (Line Drive, 8LM, EV 90.0 MPH)
Batting: SHB Bruce Shelton 0-0: Ball
1-0: Called Strike
1-1: Ball
2-1: Foul Ball, location: 2F
2-2: Foul Ball, location: 2F
2-2: Foul Ball, location: 2F
2-2: SINGLE (Groundball, 34D, EV 100.6 MPH)
Batting: RHB Jonathan Feldstein 0-0: Called Strike
0-1: Ball
1-1: Called Strike
1-2: Ball
2-2: Strikes out looking
Batting: RHB Scott Cuff 0-0: Called Strike
0-1: Ball
1-1: Called Strike
1-2: Strikes out looking
Top of the 1st over - 0 runs, 1 hit, 0 errors, 1 left on base; Niagara Falls 0 - London 0
BOTTOM OF THE 1ST
London Majors batting - Pitching for Niagara Falls Phantoms : LHP Tony de la Cruz
Pitching: LHP Tony de la Cruz
Batting: LHB Jessie Stewart 0-0: Ball
1-0: Ball
2-0: Ball
3-0: Base on Balls
Batting: RHB Cedric Nicholls 0-0: Foul Ball, location: 2F
0-1: Ball
1-1: Ball
2-1: Swinging Strike
2-2: Foul Ball, location: 2F
2-2: Ball
3-2: Foul Ball, location: 2F
3-2: Strikes out looking
Batting: SHB Toby Patenaude 0-0: Swinging Strike
0-1: Swinging Strike
0-2: SINGLE (Groundball, 4D, EV 93.8 MPH)
Jessie Stewart to second
Batting: RHB Cormackle Poohdatoot 0-0: Swinging Strike
0-1: Swinging Strike
0-2: Ball
1-2: Ball
2-2: Strikes out swinging
Batting: RHB Lewis O'Connell 0-0: Ball
1-0: Ball
2-0: Ball
3-0: Called Strike
3-1: Swinging Strike
3-2: Foul Ball, location: 2F
3-2: Strikes out swinging
Bottom of the 1st over - 0 runs, 1 hit, 0 errors, 2 left on base; Niagara Falls 0 - London 0
TOP OF THE 2ND
Niagara Falls Phantoms batting - Pitching for London Majors : RHP Bradley Carriere
Batting: RHB Bailey Hays 0-0: Called Strike
0-1: Called Strike
0-2: Ball
1-2: Foul Ball, location: 2F
1-2: Fly out, F8 (Flyball, 8RXD, EV 96.2 MPH)
Batting: RHB Jim O'Dwyer 0-0: Ball
1-0: Called Strike
1-1: Ball
2-1: Fly out, F9 (Flyball, 9D, EV 106.2 MPH)
Batting: LHB Rip Log 0-0: Ball
1-0: Swinging Strike
1-1: Ball
2-1: Foul Ball, location: 2F
2-2: Strikes out swinging
Top of the 2nd over - 0 runs, 0 hits, 0 errors, 0 left on base; Niagara Falls 0 - London 0
BOTTOM OF THE 2ND
London Majors batting - Pitching for Niagara Falls Phantoms : LHP Tony de la Cruz
Batting: SHB Steve Ramsey 0-0: Foul Ball, location: 2F
0-1: Ball
1-1: Ball
2-1: Ball
3-1: Base on Balls
Batting: RHB Jerry Perez 0-0: Ball
1-0: Ball
2-0: Called Strike
2-1: Called Strike
2-2: Strikes out looking
Batting: RHB Frank Pinksen 0-0: Ground out 5-3 (Groundball, 5S, EV 69.4 MPH)
Steve Ramsey to second
Batting: RHB Tom Bergman 0-0: Ground out 5-3 (Groundball, 56, EV 103.8 MPH)
Bottom of the 2nd over - 0 runs, 0 hits, 0 errors, 1 left on base; Niagara Falls 0 - London 0
TOP OF THE 3RD
Niagara Falls Phantoms batting - Pitching for London Majors : RHP Bradley Carriere
Batting: LHB Dave Ortiz 0-0: SINGLE (Groundball, 6MS, EV 70.6 MPH) (infield hit)
Batting: RHB Juan Perez 0-0: Ball
1-0: Ball
2-0: Ball
3-0: Called Strike
3-1: Foul Ball, location: 2F
3-2: Strikes out swinging
Batting: RHB Alfredo Mendez 0-0: Ball
1-0: Reached on error, E5 (Groundball, 56, EV 108.1 MPH)
Dave Ortiz to second
Batting: SHB Bruce Shelton 0-0: Ball
1-0: Foul Ball, location: 2F
1-1: Called Strike
1-2: Ball
2-2: Ball
3-2: Strikes out swinging
Batting: RHB Jonathan Feldstein 0-0: Ball
1-0: Ball
2-0: Ball
3-0: Called Strike
3-1: Foul Ball, location: 2F
3-2: Foul Ball, location: 2F
3-2: Foul Ball, location: 2F
3-2: Base on Balls
Dave Ortiz to third
Alfredo Mendez to second
Batting: RHB Scott Cuff 0-0: Fly out, F8 (Flyball, 8RD, EV 97.5 MPH)
Top of the 3rd over - 0 runs, 1 hit, 1 error, 3 left on base; Niagara Falls 0 - London 0
BOTTOM OF THE 3RD
London Majors batting - Pitching for Niagara Falls Phantoms : LHP Tony de la Cruz
Batting: LHB Jessie Stewart 0-0: Ball
1-0: Called Strike
1-1: Swinging Strike
1-2: Foul Ball, location: 2F
1-2: Strikes out swinging
Batting: RHB Cedric Nicholls 0-0: Foul Ball, location: 2F
0-1: Swinging Strike
0-2: Foul Ball, location: 2F
0-2: Strikes out swinging
Batting: SHB Toby Patenaude 0-0: Called Strike
0-1: Ground out 6-3 (Groundball, 6, EV 91.2 MPH)
Bottom of the 3rd over - 0 runs, 0 hits, 0 errors, 0 left on base; Niagara Falls 0 - London 0
TOP OF THE 4TH
Niagara Falls Phantoms batting - Pitching for London Majors : RHP Bradley Carriere
Batting: RHB Bailey Hays 0-0: Ball
1-0: Fly out, F7 (Flyball, 7D, EV 88.8 MPH)
Batting: RHB Jim O'Dwyer 0-0: Ball
1-0: Ground out U3 (Groundball, 34, EV 100.0 MPH)
Batting: LHB Rip Log 0-0: Foul Ball, location: 2F
0-1: Ball
1-1: Ground out U3 (Groundball, 34, EV 90.0 MPH)
Top of the 4th over - 0 runs, 0 hits, 0 errors, 0 left on base; Niagara Falls 0 - London 0
BOTTOM OF THE 4TH
London Majors batting - Pitching for Niagara Falls Phantoms : LHP Tony de la Cruz
Batting: RHB Cormackle Poohdatoot 0-0: Called Strike
0-1: Ball
1-1: Ball
2-1: Swinging Strike
2-2: Ball
3-2: Base on Balls
Batting: RHB Lewis O'Connell 0-0: Ball
1-0: Ball
2-0: SINGLE (Flyball, 3D, EV 95.0 MPH)
Cormackle Poohdatoot to second
Batting: SHB Steve Ramsey 0-0: Swinging Strike
0-1: SINGLE (Line Drive, 56, EV 97.5 MPH)
Cormackle Poohdatoot to third
Lewis O'Connell to second
Pinch Hitting: SHB Joe Loveless 0-0: Called Strike
0-1: Called Strike
0-2: Ball
1-2: Ball
Wild Pitch!
Cormackle Poohdatoot scores
Lewis O'Connell to third
Steve Ramsey to second
2-2: Strikes out swinging
Batting: RHB Frank Pinksen 0-0: Swinging Strike
0-1: Ball
1-1: Ground out 5-3 (Groundball, 56S, EV 85.6 MPH)
Lewis O'Connell scores
Batting: RHB Tom Bergman 0-0: Ball
1-0: Called Strike
1-1: Ground out 5-3 (Groundball, 56, EV 100.0 MPH)
Bottom of the 4th over - 2 runs, 2 hits, 0 errors, 1 left on base; Niagara Falls 0 - London 2
TOP OF THE 5TH
Niagara Falls Phantoms batting - Pitching for London Majors : RHP Bradley Carriere
Now at 3B: Carlos Murillo
Batting: LHB Dave Ortiz 0-0: Called Strike
0-1: Ground out 2-3 (Groundball, 2R, EV 73.8 MPH)
Batting: RHB Juan Perez 0-0: Ball
1-0: Swinging Strike
1-1: Foul Ball, location: 2F
1-2: Ground out 5-3 (Groundball, 5, EV 101.9 MPH)
Batting: RHB Alfredo Mendez 0-0: Ball
1-0: Called Strike
1-1: Fly out, F8 (Flyball, 8RXD, EV 98.1 MPH)
Top of the 5th over - 0 runs, 0 hits, 0 errors, 0 left on base; Niagara Falls 0 - London 2
BOTTOM OF THE 5TH
London Majors batting - Pitching for Niagara Falls Phantoms : LHP Tony de la Cruz
Batting: LHB Jessie Stewart 0-0: Ball
1-0: Called Strike
1-1: Ground out U3 (Groundball, 34, EV 86.9 MPH)
Batting: RHB Cedric Nicholls 0-0: Ball
1-0: Ball
2-0: Called Strike
2-1: SINGLE (Groundball, 56D, EV 101.2 MPH)
Batting: SHB Toby Patenaude 0-0: Ball
1-0: Ball
2-0: Foul Ball, location: 2F
2-1: Fly out, F9 (Flyball, 89D, EV 96.9 MPH)
Batting: RHB Cormackle Poohdatoot 0-0: Called Strike
0-1: Fly out, F7 (Flyball, 78M, EV 90.0 MPH)
Bottom of the 5th over - 0 runs, 1 hit, 0 errors, 1 left on base; Niagara Falls 0 - London 2
TOP OF THE 6TH
Niagara Falls Phantoms batting - Pitching for London Majors : RHP Bradley Carriere
Batting: SHB Bruce Shelton 0-0: Ground out U3 (Groundball, 34, EV 85.6 MPH)
Batting: RHB Jonathan Feldstein 0-0: Ball
1-0: Ball
2-0: Called Strike
2-1: Ball
3-1: Base on Balls
Batting: RHB Scott Cuff 0-0: Swinging Strike
0-1: Fly out, F7 (Flyball, 7LS, EV 85.0 MPH)
Batting: RHB Bailey Hays 0-0: Ball
1-0: Ball
2-0: Called Strike
2-1: SINGLE (Flyball, 8LS, EV 90.0 MPH)
Jonathan Feldstein to second
Runner from 2nd tries for 3rd, SAFE, throw by LF made to third
Batting: RHB Jim O'Dwyer 0-0: Foul Ball, location: 2F
0-1: Ball
1-1: Ball
2-1: Ball
3-1: Ground out 1-3 (Groundball, 25, EV 73.1 MPH)
Top of the 6th over - 0 runs, 1 hit, 0 errors, 2 left on base; Niagara Falls 0 - London 2
BOTTOM OF THE 6TH
London Majors batting - Pitching for Niagara Falls Phantoms : LHP Tony de la Cruz
Pinch Hitting: RHB Manny Corral 0-0: Called Strike
0-1: Ball
1-1: Ball
2-1: Ground out 4-3 (Groundball, 4, EV 88.8 MPH)
Batting: SHB Steve Ramsey 0-0: Ball
1-0: Swinging Strike
1-1: Ball
2-1: Ball
3-1: Ground out 6-3 (Groundball, 6, EV 96.9 MPH)
Batting: RHB Carlos Murillo 0-0: Ball
1-0: Ball
2-0: Called Strike
2-1: SINGLE (Groundball, 56S, EV 68.8 MPH) (infield hit)
Batting: RHB Frank Pinksen 0-0: Called Strike
0-1: Called Strike
0-2: Strikes out looking
Bottom of the 6th over - 0 runs, 1 hit, 0 errors, 1 left on base; Niagara Falls 0 - London 2
TOP OF THE 7TH
Niagara Falls Phantoms batting - Pitching for London Majors : RHP Bradley Carriere
Now at 1B: Joy-shan Li
Now at 3B: Manny Corral
Now at SS: Carlos Murillo
Pinch Hitting: RHB Jose Villanueva 0-0: Swinging Strike
0-1: Ball
1-1: DOUBLE (Line Drive, 89D, EV 104.4 MPH)
Batting: LHB Dave Ortiz 0-0: Ball
1-0: Ball
2-0: Called Strike
2-1: Ball
3-1: Base on Balls
Batting: RHB Juan Perez 0-0: Bunted foul
0-1: Sac Bunt to 25 - play at first, batter OUT! 5-4
Jose Villanueva to third
Dave Ortiz to second
Pitching: RHP Philip Sonnichsen
Pinch Hitting: RHB Ben Underwood 0-0: Ball
1-0: Foul Ball, location: 2F
1-1: Foul Ball, location: 2F
1-2: Strikes out looking
Pinch Hitting: LHB Luis Ponce 0-0: Ball
1-0: Ball
2-0: Called Strike
2-1: Swinging Strike
2-2: Ball
3-2: Strikes out swinging
Top of the 7th over - 0 runs, 1 hit, 0 errors, 2 left on base; Niagara Falls 0 - London 2
BOTTOM OF THE 7TH
London Majors batting - Pitching for Niagara Falls Phantoms : LHP Tony de la Cruz
Now at 2B: Hui Li
Now in CF: Victor Reyna
Now in RF: Luis Ponce
Pinch Hitting: LHB Edwin Esparza 0-0: Ball
1-0: Ball
2-0: Swinging Strike
2-1: Ball
3-1: Base on Balls
Pitching: RHP Jose Palacio
Batting: LHB Jessie Stewart 0-0: Called Strike
Edwin Esparza steals 2nd base
0-1: Ball
1-1: Ball
2-1: Ball
3-1: Base on Balls
Batting: SHB Mike Fermin 0-0: Foul Ball, location: 2F
0-1: Bunted foul
0-2: 3-RUN HOME RUN (Flyball, 7D, EV 98.1 MPH), Distance : 367 ft
Batting: SHB Toby Patenaude 0-0: Called Strike
0-1: Swinging Strike
0-2: Ball
1-2: Ball
2-2: Ball
3-2: SINGLE (Groundball, 34D, EV 103.8 MPH)
Batting: RHB Joy-shan Li 0-0: Called Strike
0-1: Ball
Toby Patenaude steals 2nd base
1-1: Fly out, F9 (Line Drive, 9S, EV 89.4 MPH)
Batting: RHB Manny Corral 0-0: Called Strike
0-1: Called Strike
0-2: Foul Ball, location: 2F
0-2: Foul Ball, location: 2F
0-2: Foul Ball, location: 2F
0-2: SINGLE (Line Drive, 7LS, EV 102.5 MPH)
Toby Patenaude to third
Runner from 3rd tries for Home, SAFE, throw by LF to home
Batting: SHB Steve Ramsey 0-0: Foul Ball, location: 2F
0-1: Fly out, F8 (Flyball, 8RM, EV 95.6 MPH)
Batting: RHB Carlos Murillo 0-0: Ball
1-0: Fly out, F9 (Line Drive, 89M, EV 103.8 MPH)
Bottom of the 7th over - 4 runs, 3 hits, 0 errors, 1 left on base; Niagara Falls 0 - London 6
TOP OF THE 8TH
Niagara Falls Phantoms batting - Pitching for London Majors : RHP Philip Sonnichsen
Now in LF: Edwin Esparza
Batting: RHB Jonathan Feldstein 0-0: Ball
1-0: Called Strike
1-1: Ground out U3 (Groundball, 13, EV 92.5 MPH)
Batting: RHB Todd Wolters 0-0: DOUBLE (Line Drive, 3D, EV 100.6 MPH)
Batting: RHB Bailey Hays 0-0: Fly out, F8 (Flyball, 8RM, EV 89.4 MPH)
Batting: RHB Jim O'Dwyer 0-0: Foul Ball, location: 2F
0-1: Swinging Strike
0-2: Strikes out swinging
Top of the 8th over - 0 runs, 1 hit, 0 errors, 1 left on base; Niagara Falls 0 - London 6
BOTTOM OF THE 8TH
London Majors batting - Pitching for Niagara Falls Phantoms : RHP Jose Palacio
Batting: RHB Frank Pinksen 0-0: Foul Ball, location: 2F
0-1: Ball
1-1: Foul Ball, location: 2F
1-2: Strikes out swinging
Batting: LHB Edwin Esparza 0-0: Foul Ball, location: 2F
0-1: Ball
1-1: Called Strike
1-2: Ball
2-2: Ball
3-2: Fly out, F8 (Flyball, 8RM, EV 81.9 MPH)
Batting: LHB Jessie Stewart 0-0: Ball
1-0: SINGLE (Flyball, 34D, EV 96.2 MPH)
Batting: SHB Mike Fermin 0-0: Ball
1-0: Ball
2-0: DOUBLE (Line Drive, 9LM, EV 105.6 MPH)
Jessie Stewart to third
Runner from 3rd tries for Home, SAFE, no throw by RF
Batting: SHB Toby Patenaude 0-0: 2-RUN HOME RUN (Flyball, 89XD, EV 108.1 MPH), Distance : 417 ft
Pitching: RHP Gene Buxton
Batting: RHB Joy-shan Li 0-0: Called Strike
0-1: Swinging Strike
0-2: Ball
1-2: Ball
2-2: Foul Ball, location: 2F
2-2: Ground out 6-3 (Groundball, 6, EV 81.9 MPH)
Bottom of the 8th over - 3 runs, 3 hits, 0 errors, 0 left on base; Niagara Falls 0 - London 9
TOP OF THE 9TH
Niagara Falls Phantoms batting - Pitching for London Majors : RHP Philip Sonnichsen
Batting: LHB Victor Reyna 0-0: Foul Ball, location: 2F
0-1: Ball
1-1: Ball
2-1: Foul Ball, location: 2F
2-2: Ball
3-2: Foul Ball, location: 2F
3-2: Strikes out swinging
Batting: LHB Dave Ortiz 0-0: Foul Ball, location: 2F
0-1: Ball
1-1: Ball
2-1: Swinging Strike
2-2: Strikes out looking
Pinch Hitting: RHB Brian Biordi 0-0: Ball
1-0: Ball
2-0: Ball
3-0: Called Strike
3-1: Foul Ball, location: 2F
3-2: Foul Ball, location: 2F
3-2: Foul Ball, location: 2F
3-2: Foul Ball, location: 2F
3-2: Strikes out swinging
Top of the 9th over - 0 runs, 0 hits, 0 errors, 0 left on base; Niagara Falls 0 - London 9
Tuesday, March 28th , 2023 - OOTP Baseball 23.10 Build 110